 Dungeon Crawl Stone Soup version 0.23.2 (webtiles) character file.

Game seed: 15723288192179356053

292 Kinoniko the Chiller (level 6, 0/46 HPs)
             Began as a Ghoul Ice Elementalist on Apr 2, 2019.
             Slain by a phantom (3 damage)
             ... on level 4 of the Dungeon.
             The game lasted 00:51:37 (3971 turns).

Kinoniko the Chiller (Ghoul Ice Elementalist)       Turns: 3971, Time: 00:51:37

Health: 0/46       AC:  8    Str: 15      XL:     6   Next: 33%
Magic:  9/10       EV: 10    Int:  8 (10) God:
Gold:   204        SH:  3    Dex:  9 (10) Spells: 7/11 levels left

rFire    . . .     SeeInvis .   g - +3 dagger (venom)
rCold    + . .     Gourm    .   (no shield)
rNeg     + + +     Faith    .   o - +0 scale mail
rPois    ∞         Spirit   .   k - +1 helmet
rElec    .         Reflect  +   (no cloak)
rCorr    .         Harm     .   (no gloves)
MR       .....                  (no boots)
Stlth    +.........             f - +3 amulet of reflection
HPRegen  0.00/turn              j - +2 ring of strength
MPRegen  0.12/turn              (no ring)

@: rotting
A: rotting body, claws 1, carnivore, cold resistance 1, negative energy
resistance 3, inhibited regeneration, torment resistance, unbreathing
a: no special abilities


You were on level 4 of the Dungeon.
You were not hungry.

You visited 1 branch of the dungeon, and saw 4 of its levels.

You collected 204 gold pieces.

Inventory:

Hand Weapons
 d - a cursed -2 short sword
 g - a +3 dagger of venom (weapon)
 m - a +0 short sword of venom
 q - a +1 short sword of venom
 s - a +2 mace of holy wrath
Armour
 a - a +0 robe
 i - a +0 robe
 k - a +1 helmet (worn)
 o - a +0 scale mail (worn)
Jewellery
 f - a +3 amulet of reflection (around neck)
 j - a +2 ring of strength (left claw)
Wands
 p - a wand of iceblast (15)
Scrolls
 b - 2 scrolls of identify
 e - a scroll of random uselessness
Potions
 h - a potion of heal wounds
 n - 2 potions of might
Comestibles
 c - 9 rations


   Skills:
 + Level 0.8 Fighting
 + Level 1.2 Short Blades
 + Level 1.0 Armour
 + Level 2.3 Dodging
 + Level 2.9 Stealth
 + Level 0.9 Unarmed Combat
 + Level 3.3 Spellcasting
   Level 0.7 Conjurations
 + Level 5.0 Ice Magic


You had 7 spell levels left.
You knew the following spells:

 Your Spells              Type           Power        Failure   Level  Hunger
a - Freeze                Ice            #...         16%         1    ##.....
b - Ozocubu's Armour      Chrm/Ice       #.......     80%         3    ####...

Your spell library contained the following spells:

 Spells                   Type           Power        Failure   Level  Hunger
 Throw Frost              Conj/Ice       #.....       52%         2    ###....
 Throw Icicle             Conj/Ice       #.......     98%         4    #####..
 Summon Ice Beast         Ice/Summ       #.......     99%         4    #####..


Dungeon Overview and Level Annotations

Branches:
Dungeon (4/15)
 Temple: D:4-7

Altars:
Elyvilon
Kikubaaqudgha
Qazlal
Ru
Trog
Uskayaw
Zin
The Shining One


Innate Abilities, Weirdness & Mutations

Your body is rotting away.
You thrive on raw meat.
You are immune to poison.
You have sharp fingernails.
You are carnivorous and can eat meat at any time.
Your flesh is cold resistant. (rC+)
You are immune to negative energy. (rN+++)
You do not regenerate when monsters are visible.
You are immune to unholy pain and torment.
You can survive without breathing.


Message History

The phantom hits you.
* * * LOW HITPOINT WARNING * * *
You hit the phantom.
The phantom is severely damaged.
The phantom barely misses you.
You closely miss the phantom.
The phantom is severely damaged.
The phantom barely misses you.
You hit the phantom but do no damage.
The phantom is severely damaged.
The phantom blinks!
You closely miss the phantom.
The phantom is severely damaged.
The phantom hits you but does no damage.
You hit the phantom.
The phantom is almost destroyed.
The phantom blinks!
The phantom blinks!
The phantom hits you.
You die...

############
##..........##
##.........$..##
#..............#
#..............#
##..$..W@.......#
#...))..........#
#...............#
#...##..........##
#.... ##..[.....##
####### ..._
####..#### #......
..% #..## #......
^## #...# #......
#.#.# #......


You could see a phantom.

Vanquished Creatures
  A scorpion (D:4)
  An orc priest (D:3)
  Ijyb (D:2)
  3 gnolls (D:3)
  2 adders
  3 worms
  3 dart slugs
  2 leopard geckos
  11 orcs
  9 bats
  6 giant cockroaches
  18 goblins
  10 hobgoblins
  5 jackals
  3 quokkas (D:2)
  5 ball pythons
  7 frilled lizards
  A jackal skeleton (D:4)
  10 kobolds
  A leopard gecko skeleton (D:4)
  12 rats
114 creatures vanquished.

Notes
Turn   | Place    | Note
-------+----------+-------------------------------------------
     0 | D:1      | Kinoniko the Ghoul Ice Elementalist began the quest for the
                  | Orb.
     0 | D:1      | Reached XP level 1. HP: 14/14 MP: 2/2
    83 | D:1      | Reached XP level 2. HP: 9/20 MP: 1/3
   679 | D:1      | Reached skill level 4 in Ice Magic
   844 | D:1      | Reached XP level 3. HP: 23/23 MP: 5/5
   858 | D:1      | Learned a level 3 spell: Ozocubu's Armour
  1364 | D:2      | Reached XP level 4. HP: 10/33 MP: 1/6
  1724 | D:2      | Found a sacrificial altar of Ru.
  1853 | D:2      | Found a stormy altar of Qazlal.
  1990 | D:2      | Noticed Ijyb
  2026 | D:2      | Killed Ijyb
  2314 | D:2      | Reached XP level 5. HP: 7/39 MP: 4/7
  2753 | D:3      | Found a hide-covered altar of Uskayaw.
  3158 | D:3      | Reached skill level 1 in Short Blades
  3301 | D:3      | Found a glowing golden altar of the Shining One.
  3301 | D:3      | Found a white marble altar of Elyvilon.
  3302 | D:3      | Found a glowing silver altar of Zin.
  3502 | D:3      | Reached XP level 6. HP: 39/46 MP: 9/9
  3775 | D:4      | Found an ancient bone altar of Kikubaaqudgha.
  3819 | D:4      | Reached skill level 1 in Armour
  3866 | D:4      | Reached skill level 5 in Ice Magic
  3867 | D:4      | Noticed a phantom
  3946 | D:4      | Found a bloodstained altar of Trog.
  3971 | D:4      | Slain by a phantom

Skill      XL: |  1  2  3  4  5  6 |
---------------+-------------------+-----
Spellcasting   | 2 3 |  3.3
Ice Magic      | 4 5 |  5.0
Dodging        | 2 |  2.3
Short Blades   | 1 |  1.2
Armour         | 1 |  1.0
Fighting       | |  0.8
Stealth        | |  2.9
Unarmed Combat | |  0.9
Conjurations   | |  0.7

Action                   |  1- 3 |  4- 6 || total
-------------------------+-------+-------++-------
Melee: Unarmed           |    21 |       ||    21
       Dagger            |    62 |   218 ||   280
       Punch             |       |     1 ||     1
 Cast: Freeze            |    20 |    56 ||    76
  Use: Scroll            |     2 |    10 ||    12
       Potion            |       |     6 ||     6
 Stab: Sleeping          |     1 |     1 ||     2
  Eat: Chunk             |     4 |    23 ||    27
       Ration            |     1 |       ||     1
Armor: Robe              |    10 |    12 ||    22
       Scale mail        |       |    40 ||    40
Dodge: Dodged            |    69 |   121 ||   190
Block: Other             |     8 |    22 ||    30
